 Dungeon Crawl Stone Soup version 0.30-a0-134-gb40fab5c76 (webtiles) character file.

Game seed: 15711601793688235471

123 ytrimaz the Trooper (level 4, -6/37 HPs)
             Began as a Demonspawn Gladiator on Sept 19, 2022.
             Mangled by a gnoll
             ... wielding a +0 flail
              (8 damage)
             ... on level 3 of the Dungeon.
             The game lasted 00:03:12 (2131 turns).

ytrimaz the Trooper (Demonspawn Gladiator)          Turns: 2131, Time: 00:03:13

Health: -6/37      AC:  4    Str: 14    XL:     4   Next: 79%
Magic:  4/4        EV: 12    Int:  9    God:
Gold:   128        SH:  0    Dex: 19    Spells: 3/3 levels left

rFire   . . .      SeeInvis .    g - +7 rapier (speed)
rCold   . . .      Faith    .    (no shield)
rNeg    . . .      Spirit   .    b - +0 leather armour
rPois   .          Reflect  .    c - +0 helmet
rElec   .          Harm     .    (no cloak)
rCorr   .          Rampage  .    (no gloves)
Will    .....                    (no boots)
Stlth   ++........               (no amulet)
HPRegen 0.12/turn                (no ring)
MPRegen 0.09/turn                (no ring)

@: no status effects
A: hooves 1, thin skeletal structure 1
a: no special abilities


You were on level 3 of the Dungeon.
You visited 1 branch of the dungeon, and saw 3 of its levels.

You collected 128 gold pieces.


Innate Abilities, Weirdness & Mutations

You have large cloven feet.
You have a somewhat thin skeletal structure. (Dex +2, Stealth+)


   Skills:
 + Level 3.9 Fighting
 + Level 2.1 Short Blades
 - Level 3.1 Axes
 - Level 1.7 Throwing
 - Level 2.6 Dodging


You had 3 spell levels left.
You didn't know any spells.
Your spell library contained the following spells:

 Spells                   Type           Power      Damage    Failure   Level
 Gell's Gravitas          Tloc           0%         N/A       83%         3
 Lesser Beckoning         Tloc           0%         N/A       83%         3
 Teleport Other           Tloc           0%         N/A       83%         3

Inventory:

Hand Weapons
 g - a +7 rapier of speed (weapon)
   (You acquired it on level 1 of the Dungeon)
Missiles
 d - 3 throwing nets (quivered)
 e - a javelin
Armour
 b - a +0 leather armour (worn)
 c - a +0 helmet (worn)
 m - a +0 buckler
   (You found it on level 2 of the Dungeon)
Wands
 i - a wand of flame (15)
   (You found it on level 3 of the Dungeon)
Scrolls
 a - a scroll of silence
 j - 2 scrolls of identify
Potions
 f - a potion of lignification {unknown}
 h - a potion of cancellation {unknown}
 k - a potion of haste {unknown}
 n - a potion of ambrosia {unknown}

Dungeon Overview and Level Annotations

Branches:
Dungeon (3/15) Zot: 15871

Altars:
Qazlal

Shops:
D:1

( #.#####.# #...)...#
.......)#######)#.#
..........?.# #.#.#
..S...S{.)#.# #)#.#
..#####o#.#.# #.#.#
#.......# ###.#o#.###.#.#
#.......# #.g...>.....#.###
#.......###.#####รท####.....
......>...@g.g.##.# #..###
........###.##.##.# #.....
....<.o.# #.##.##.# #.####
......g.###.##.##.# #.#
#...o...:......# #.#
......#####.##.#######.#
g.##. #.##.........# .>
..############ .. #### #..


You could see 3 gnolls and an orc.


Message History

You completely miss the orc. You kick the orc, but do no damage.
Unknown command.
You are too injured to fight recklessly!
You hit the orc. Your kick misses the orc.
The orc hits you with a +0 dagger. ๐Ÿ˜ฎ HP[-3]
You take 3 damage, and now have 23/36 hp.
You are too injured to fight recklessly!
Unknown command.
You hit the orc but do no damage. The orc hits you but does no damage.
You hit the orc but do no damage.
The orc hits you with a +0 dagger. ๐Ÿ˜ฎ HP[-2]
You take 2 damage, and now have 21/36 hp.
You are too injured to fight recklessly!
Unknown command.
You puncture the orc!
You kill the orc!
Things that are here:
a +0 dagger; a +0 ring mail Key pressed, stopping explore.
Key pressed, stopping explore. ๐Ÿ˜Ž HP[+15]
Your hp is fully restored (36).
An orc priest is nearby!
A rat comes into view.
An orc comes into view. It is wielding a +0 sling.
You see here a scroll labelled GAPTYC LIUT.
The orc priest shouts!
You hear a shout!
The rat barely misses you.
The orc shouts!
You hit the rat.
You kill the rat!
You hit the orc priest.
The orc shoots a sling bullet.
The sling bullet closely misses you.
Unknown command.
You barely miss the orc priest. You puncture the orc priest!
You kick the orc priest.
You kill the orc priest!
An orc comes into view.
It is wielding a +0 short sword and wearing a +0 ring mail of cold resistance.
The orc shoots a sling bullet.
The sling bullet hits you.
Your Short Blades skill increases to level 2! ๐Ÿ˜• HP[-1]
You now have 37 max hp (+1).
Unknown command.
A bat comes into view.
An orc priest comes into view. It is wielding a +0 club.
The orc shoots a sling bullet.
The sling bullet hits you but does no damage.
The bat misses you.
The orc shoots a sling bullet.
The sling bullet misses you.
You hear an angry hiss.
You barely miss the bat. The bat completely misses you.
The orc shoots a sling bullet.
The sling bullet misses you.
Unknown command.
The bat barely misses you.
You barely miss the orc. You kick the orc, but do no damage.
The bat closely misses you.
The orc wizard mumbles some strange words.
The orc wizard flickers and vanishes!
Deactivating autopickup; reactivate with Ctrl-A.
The orc closely misses you. ๐Ÿ˜• HP[+1]
The orc unwields a +0 sling.
The orc wields a +0 club.
The orc completely misses you. The bat hits you but does no damage.
Unknown command.
You hit the bat.
You kill the bat!
The orc unwields a +0 club.
The orc wields a +0 sling.
The orc shoots a sling bullet.
The sling bullet hits you. ๐Ÿ˜• HP[-5]
You take 5 damage, and now have 31/37 hp.
The orc unwields a +0 sling.
The orc wields a +0 club.
The orc closely misses you.
You barely miss the orc.
The orc priest calls down the wrath of Beogh upon you.
Beogh smites you! The orc hits you with a +0 club.
Unknown command. ๐Ÿ˜ฎ HP[-11]
You take 11 damage, and now have 20/37 hp.
MASSIVE DAMAGE!! (PAUSE)
You are too injured to fight recklessly!
The orc unwields a +0 club.
The orc wields a +0 sling.
The orc shoots a sling bullet.
The sling bullet barely misses you.
The gnoll shouts!
You hear a shout!
The gnoll hits you with a +0 flail!
* * * LOW HITPOINT WARNING * * *
๐Ÿ˜จ HP[-7]
You take 7 damage, and now have 13/37 hp.
You hit the gnoll.
The orc shoots a sling bullet.
The sling bullet closely misses you.
The sling bullet hits the gnoll.
The orc priest invokes the aid of Beogh against you.
Beogh smites you!
* * * LOW HITPOINT WARNING * * *
The gnoll barely misses you.
The gnoll closely misses you. ๐Ÿ˜ฑ HP[-11]
You take 11 damage, and now have 2/37 hp.
MASSIVE DAMAGE!! (PAUSE)
The orc shoots a sling bullet.
The sling bullet barely misses you. The gnoll hits you with a +0 flail!
You die...

Skill      XL: |  1  2  3  4 |
---------------+-------------+-----
Axes           | 3 |  3.1
Fighting       | 3 |  3.9
Short Blades   | 1 2 |  2.1
Throwing       | |  1.7
Dodging        | |  2.6

Action                   |  1- 3 |  4- 6 || total
-------------------------+-------+-------++-------
Melee: War axe           |    38 |       ||    38
       Rapier            |    39 |    32 ||    71
       Kick              |    12 |     7 ||    19
       Punch             |     1 |       ||     1
  Use: Scroll            |    10 |       ||    10
       Potion            |     2 |       ||     2
 Stab: Sleeping          |     1 |       ||     1
Armor: Leather armour    |    23 |     4 ||    27
Dodge: Dodged            |    70 |    25 ||    95

Levels and vault maps discovered:
D:1:      ldierk_walled_garden, layout_basic, serial_shops, nicolae_diamond_shop
D:2:      layout_loops_ring, basic_altar, hellmonk_ecumenical_altar_dog_temple
D:3:      layout_loops_ring

Notes
Turn   | Place    | Note
-------+----------+-------------------------------------------
     0 | D:1      | ytrimaz the Demonspawn Gladiator began the quest for the
                  | Orb.
     0 | D:1      | Reached XP level 1. HP: 16/16 MP: 1/1
     0 | D:1      | magus.rc [v1.9.6]
   216 | D:1      | Reached skill level 3 in Axes
   216 | D:1      | Gained mutation: You have large cloven feet. [demonic
                  | ancestry]
   216 | D:1      | Reached XP level 2. HP: 22/23 MP: 2/2
   311 | D:1      | Identified a scroll of acquirement
   732 | D:1      | Acquired a +5 rapier of speed
   780 | D:1      | Found Woq Fucs's Weapon Boutique.
   927 | D:2      | Reached skill level 3 in Fighting
   927 | D:2      | Reached XP level 3. HP: 25/29 MP: 3/3
  1054 | D:2      | Found a faded altar of an unknown god.
  1284 | D:2      | Reached skill level 1 in Short Blades
  1293 | D:2      | You pick up a book of Displacement and begin reading...
  1293 | D:2      | You add the spells Lesser Beckoning, Gell's Gravitas and
                  | Teleport Other to your library.
  1412 | D:2      | Found a stormy altar of Qazlal.
  1796 | D:3      | HP: 2/29 [gnoll/+0 halberd (13)]
  1801 | D:3      | HP: 3/29 [gnoll/+0 halberd (13)]
  1817 | D:3      | Gained mutation: You have a somewhat thin skeletal
                  | structure. (Dex +2, Stealth+) [demonic ancestry]
  1817 | D:3      | Reached XP level 4. HP: 35/35 MP: 4/4
  2117 | D:3      | Reached skill level 2 in Short Blades
  2130 | D:3      | HP: 2/37 [orc priest/divine providence (12)]
  2131 | D:3      | Mangled by a gnoll

Vanquished Creatures
  An orc priest (D:3)
  A gnoll (D:1)
  4 adders
  4 orcs (D:3)
  3 bats
  3 endoplasms
  2 giant cockroaches (D:2)
  7 hobgoblins
  2 jackals (D:2)
  A quokka (D:1)
  3 ball pythons
  4 goblins
  3 kobolds
  5 rats
43 creatures vanquished.

Vanquished Creatures (others)
  5 toadstools (D:1)
5 creatures vanquished.

Grand Total: 48 creatures vanquished

Table legend:
 A = Non-vault XP
 B = Vault XP
 C = Vault XP percentage of total XP
 D = Non-vault monster count
 E = Vault monster count
 F = Vault count percentage of total count
                 A         B        C        D         E       F
            +---------+---------+-------+---------+---------+-------
      Total |     172 |       4 |   2.3 |      41 |       2 |   4.7
            +---------+---------+-------+---------+---------+-------
        D:1 |      36 |       0 |   0.0 |      15 |       0 |   0.0
        D:2 |      41 |       4 |   8.9 |      11 |       2 |  15.4
        D:3 |      95 |       0 |   0.0 |      15 |       0 |   0.0
            +---------+---------+-------+---------+---------+-------

Illustrated notes

Table legend:
 A = Kills in this place as a percentage of kills in entire the game.
 B = Kills by you in this place as a percentage of kills by you in the entire game.
 C = Kills by friends in this place as a percentage of kills by friends in the entire game.
 D = Other kills in this place as a percentage of other kills in the entire game.
 E = Experience gained in this place as a percentage of experience gained in the entire game.
 F = Experience gained in this place divided by the number of levels of this place that you have seen.
                   A       B       C       D       E      F
               +-------+-------+-------+-------+-------+----------------------
         Total | 100.0 | 100.0 |   N/A |   N/A | 100.0 |  58.7
       Dungeon | 100.0 | 100.0 |   N/A |   N/A | 100.0 |  58.7
               +-------+-------+-------+-------+-------+----------------------

Table legend: (Time is in decaauts)
 A = Elapsed time spent in this place.
 B = Non-inter-level travel time spent in this place.
 C = Inter-level travel time spent in this place.
 D = Time resting spent in this place.
 E = Time spent auto-exploring this place.
 F = Levels seen in this place.
 G = Mean time per level.
                   A        B        C        D        E       F      G
               +--------+--------+--------+--------+--------+-----+--------+
         Total |   2127 |   2097 |     30 |      0 |   1727 |   3 |  709.0 |
       Dungeon |   2127 |   2097 |     30 |      0 |   1727 |   3 |  709.0 |
               +--------+--------+--------+--------+--------+-----+--------+

Top non-repeatable levels by time:
     D:1: 901 daAuts
     D:2: 759 daAuts
     D:3: 466 daAuts
